 Dungeon Sprint DCSS version 0.30.1-3-gfc49f6343a (webtiles) character file.

Game seed: 18272379678849557076

7 boopmooplesden the Twirler (level 1, -1/17 HPs)
             Began as a Demonspawn Gladiator on July 31, 2023.
             Succumbed to a scorpion's poison
             ... in the Dungeon (Sprint IX: "|||||||||||||||||||||||||||||").
             The game lasted 00:00:11 (27 turns).

boopmooplesden the Twirler (Demonspawn Gladiator)     Turns: 27, Time: 00:00:12

Health: -1/17      AC:  4    Str: 14    XL:     1   Next: 91%
Magic:  1/1        EV: 12    Int:  9    God:
Gold:   0          SH:  0    Dex: 14    Spells: 0/0 levels left

rFire   . . .        a - +0 quarterstaff
rCold   . . .        (shield currently unavailable)
rNeg    . . .        b - +0 leather armour
rPois   .            c - +0 helmet
rElec   .            (no cloak)
rCorr   .            (no gloves)
SInv    .            (no boots)
Will    .....        (no amulet)
Stlth   +            (no ring)
HPRegen 0.22/turn    (no ring)
MPRegen 0.07/turn

%: no teleportation
@: lethally poisoned (-1 -> -11)
A: no striking features
a: no special abilities


You were in the Dungeon.
You visited 1 branch

Inventory:

Hand Weapons
 a - a +0 quarterstaff (weapon)
Missiles
 d - a throwing net (quivered)
 e - a javelin
Armour
 b - a +0 leather armour (worn)
 c - a +0 helmet (worn)
Scrolls
 k - a scroll of blinking
Potions
 f - a potion of curing
 g - a potion of heal wounds
 h - a potion of haste
 i - 2 potions of magic
 j - a potion of berserk rage


   Skills:
 + Level 2.4 Fighting
 + Level 3.5 Staves
 + Level 2.0 Throwing
 + Level 3.4 Dodging


You couldn't memorise any spells.
You didn't know any spells.
Your spell library was empty.

Dungeon Overview and Level Annotations

Branches:
Dungeon (1/1)

Altars:


Message History

You barely miss the orc. The orc hits you with a +0 flail.
Throw: 3 throwing nets
Press: ? - help, Q - select action, (/) - cycle Shift-Dir - straight line, f - orc
Aim: an orc, wielding a +0 flail (60% to hit)
You throw a throwing net.
The throwing net closely misses the orc.
The throwing net hits the scorpion.
The scorpion is caught in the net!
The scorpion struggles against the net.
The orc hits you with a +0 flail!
* * * LOW HITPOINT WARNING * * *
You barely miss the orc.
The scorpion struggles against the net.
The orc barely misses you.
You thump the orc!
You kill the orc!
The scorpion struggles against the net. x2
The scorpion struggles against the net.
There is an open door here.
Things that are here:
a +0 flail; an orc corpse You hit the scorpion but do no damage.
The scorpion struggles against the net.
You sock the scorpion!
The scorpion is severely wounded.
The scorpion struggles against the net.
The net rips apart, and the scorpion comes free!
The scorpion stings you.
* * * LOW HITPOINT WARNING * * *
You are lethally poisoned!
The scorpion poisons you!
Throw: 2 throwing nets
Press: ? - help, Q - select action, (/) - cycle Shift-Dir - straight line, f - scorpion
Aim: a scorpion (severely wounded, 60% to hit)
You throw a throwing net.
The throwing net barely misses the scorpion.
The throwing net misses the adder.
The throwing net hits the orc.
The orc is caught in the net!
* * * LOW HITPOINT WARNING * * *
You feel very sick.
The orc struggles against the net.
The scorpion barely misses you.
You hit the scorpion.
The scorpion is almost dead.
You die... ▓▓▓▓▓▓▓▓▓▓▓▓▓▓▓▓▓▓ +.SoSs@....)†...<▓ ▓▓▓▓▓▓▓▓▓▓▓▓▓▓▓▓▓▓

You could see a water moccasin, a scorpion, an adder and an orc (caught).

Vanquished Creatures
  An orc (D)
  A bat (D)
  An endoplasm (D)
  A hobgoblin (D)
  A kobold (D)
  A rat (D)
6 creatures vanquished.

Notes
Turn   | Place    | Note
-------+----------+-------------------------------------------
     0 | D        | boopmooplesden the Demonspawn Gladiator began the quest for
                  | the Orb.
     0 | D        | Reached XP level 1. HP: 16/16 MP: 1/1
    16 | D        | Noticed a water moccasin
    16 | D        | Noticed a scorpion
    27 | D        | Succumbed to a scorpion's poison

Illustrated notes

Levels and vault maps discovered:
D:        linesprint [early_d, line_temple, items_1, d_10, items_2, lair_1,
          lair_end, items_3, orc_1, orc_end, items_4, d_15, swamp_1, shoals_1,
          snake_1, spider_1, d_20, vaults_1, items_5, swamp_end, shoals_end,
          snake_end, spider_end, vaults_end, d_27, items_6, zot_1, zot_end,
          crypt_end, forest_end, elf_end, slime_end, tomb_end, abyss_end,
          pan_hell_end]

Skill      XL: |  1 |
---------------+----+-----
Staves         | 3 |  3.5
Dodging        | 3 |  3.4
Throwing       | 2 |  2.0
Fighting       | |  2.4

Action                     || total
---------------------------++-------
  Melee: Quarterstaff      ||    14
  Throw: Throwing net      ||     2
 Armour: Leather armour    ||     2
  Dodge: Dodged            ||     6
